 Dungeon Crawl Stone Soup version 0.30-a0-576-g89cddaab80 (webtiles) character file.

Game seed: 17633253497890852239

150 xian the Conjurer (level 5, -6/26 (38) HPs)
             Began as a Human Reaver on Dec 31, 2022.
             Mangled by an ogre
             ... wielding a +0 giant club
              (13 damage)
             ... on level 4 of the Dungeon.
             The game lasted 00:09:16 (3289 turns).

xian the Conjurer (Human Reaver)                    Turns: 3289, Time: 00:09:16

HP:   -6/26 (38)    AC:  5    Str: 15    XL:     5   Next: 58%
MP:   2/8           EV: 12    Int: 13    God:
Gold: 215           SH:  0    Dex: 11    Spells: 6/9 levels left

rFire   . . .      SeeInvis .    k - +5 quarterstaff (chaos)
rCold   . . .      Faith    .    (shield currently unavailable)
rNeg    . . .      Spirit   .    b - +0 leather armour
rPois   .          Reflect  .    j - -1 helmet of Evolution {Will+ Stlth+}
rElec   .          Harm     .    l - +0 cloak
rCorr   .          Rampage  .    p - +0 pair of gloves
Will    +....                    (no boots)
Stlth   ++                       (no amulet)
HPRegen 0.24/turn                (no ring)
MPRegen 0.11/turn                (no ring)

@: immotile, very slightly contaminated, very heavily drained
A: no striking features
a: no special abilities


You were on level 4 of the Dungeon.
You visited 1 branch of the dungeon, and saw 4 of its levels.

You collected 215 gold pieces.

Inventory:

Hand Weapons
 a - a +0 short sword
 k - a +5 quarterstaff of chaos (weapon)
Armour
 b - a +0 leather armour (worn)
 j - the -1 helmet of Evolution (worn) {Will+ Stlth+}
   (You found it on level 2 of the Dungeon)

   Will:      It increases your willpower.
   Stlth:     It makes you more stealthy.
 l - a +0 cloak (worn)
 p - a +0 pair of gloves (worn)
Wands
 n - a wand of flame (25)
Scrolls
 h - 4 scrolls of teleportation
Potions
 c - a potion of brilliance {unknown}
 d - a potion of heal wounds {unknown}
 e - 2 potions of might {unknown}
 f - 3 potions of curing
 g - a potion of flight
 i - 2 potions of attraction {unknown}
 q - a potion of resistance {unknown}


   Skills:
 + Level 2.2 Fighting
 + Level 3.6 Short Blades
 + Level 1.5 Armour
 + Level 3.0 Dodging
 + Level 0.2 Stealth
 * Level 2.6 Spellcasting
 * Level 3.7 Conjurations


You had 6 spell levels left.
You knew the following spells:

 Your Spells              Type           Power      Damage    Failure   Level
a - Kiss of Death         Conj/Necr      24%        2d7       14%         1
b - Momentum Strike       Conj/Tloc      12%        3d8       21%         2

Your spell library contained the following spells:

 Spells                   Type           Power      Damage    Failure   Level
 Magic Dart               Conj           44%        1d5       6%          1
 Summon Small Mammal      Summ           4%         N/A       30%         1
 Hailstorm                Conj/Ice       6%         3d4       38%         3
 Call Imp                 Summ           1%         N/A       41%         2
 Mephitic Cloud           Conj/Pois/Air  4%         N/A       47%         3
 Call Canine Familiar     Summ           1%         N/A       65%         3
 Summon Guardian Golem    Hex/Summ       1%         N/A       65%         3


Dungeon Overview and Level Annotations

Branches:
Dungeon (4/15)
 Temple: D:4-7

Altars:
Ru


Message History

Casting: Momentum Strike (safe; 21% risk of failure)
Confirm with . or Enter, or press ? or * to list all spells.
Aiming: Momentum Strike (safe; 21% risk of failure)
Press: ? - help, Dir - move target, f/p - ogre
Aim: an ogre, wielding a +0 giant club (85% to hit)
The concentrated momentum hits the ogre!
The ogre is heavily wounded.
You are unable to move.
The jackal bites you but does no damage.
Unknown command.
You closely miss the jackal. The jackal barely misses you.
The jackal closely misses you.
You sock the jackal!
You kill the jackal!
You hear the slow hiss of a very distant avalanche of sand.
The ogre hits you with a +0 giant club!!
Ouch! That really hurt!
* * * LOW HITPOINT WARNING * * *
Casting: Momentum Strike (safe; 21% risk of failure)
Confirm with . or Enter, or press ? or * to list all spells.
You cannot redirect your momentum while unable to move.
Casting: Momentum Strike (safe; 21% risk of failure)
Confirm with . or Enter, or press ? or * to list all spells.
Aiming: Kiss of Death (safe; 14% risk of failure)
Press: ? - help, Shift-Dir - straight line, f/p - ogre
Aim: an ogre, wielding a +0 giant club (heavily wounded, 100% to hit)
You miscast Kiss of Death.
You are very lightly contaminated with residual magic.
Nothing appears to happen.
Unknown command.
Casting: Kiss of Death (safe; 14% risk of failure)
Confirm with . or Enter, or press ? or * to list all spells.
Aiming: Kiss of Death (safe; 14% risk of failure)
Press: ? - help, Shift-Dir - straight line, f/p - ogre
Aim: an ogre, wielding a +0 giant club (heavily wounded, 100% to hit)
The negative energy hits the ogre.
The ogre is drained!
The ogre is severely wounded.
You feel drained. The ogre hits you with a +0 giant club!
Ouch! That really hurt!
You die...

#.# ... #.# #!#
#.# #.#
#.#########.#
#....†O@†...#
.......######..#
....... #...#..#
....... #.#.#..#
....... #.#.#.##
....... #.#...#
####### #...#.#
#########
#..<#.#
........#
###..##.#


You could see an ogre (drained).

Vanquished Creatures
  Crazy Yiuf (D:2)
  A gnoll (D:1)
  5 adders
  A dart slug (D:2)
  An orc (D:2)
  3 bats
  5 endoplasms
  3 giant cockroaches
  6 goblins
  2 hobgoblins
  8 jackals
  3 quokkas
  5 ball pythons
  3 frilled lizards
  4 kobolds
  11 rats
62 creatures vanquished.

Notes
Turn   | Place    | Note
-------+----------+-------------------------------------------
     0 | D:1      | xian the Human Reaver began the quest for the Orb.
     0 | D:1      | Reached XP level 1. HP: 16/16 MP: 3/3
   158 | D:1      | Reached XP level 2. HP: 19/21 MP: 5/5
   276 | D:1      | Reached XP level 3. HP: 9/23 MP: 6/6
   734 | D:1      | Learned a level 2 spell: Momentum Strike
  1482 | D:2      | Reached XP level 4. HP: 17/29 MP: 5/7
  1550 | D:2      | Identified the -1 helmet of Evolution {Will+ Stlth+}
  1625 | D:2      | Found a sacrificial altar of Ru.
  1697 | D:2      | Reached skill level 1 in Armour
  1826 | D:2      | Found a runed translucent door.
  1827 | D:2      | Noticed Crazy Yiuf
  1835 | D:2      | Killed Crazy Yiuf
  1836 | D:2      | Reached XP level 5. HP: 8/28 MP: 4/8
  3275 | D:4      | Noticed an ogre
  3289 | D:4      | Mangled by an ogre

Illustrated notes

Levels and vault maps discovered:
D:1:      ncdulo_smallfort, layout_basic, serial_glass, glass_columns_b,
          glass_columns_a, serial_bayou_pond_e
D:2:      layout_loops_cross, basic_altar, minmay_vboxes,
          uniq_crazy_yiuf_cottage
D:3:      layout_basic
D:4:      layout_basic, nicolae_ossuary_entry_plus, uniq_sigmund

Skill      XL: |  1  2  3  4  5 |
---------------+----------------+-----
Armour         | 1 |  1.5
Dodging        | 3 |  3.0
Fighting       | |  2.2
Short Blades   | |  3.6
Stealth        | |  0.2
Spellcasting   | |  2.6
Conjurations   | |  3.7

Action                   |  1- 3 |  4- 6 || total
-------------------------+-------+-------++-------
Melee: Short sword       |   163 |    46 ||   209
       Punch             |     2 |       ||     2
       Unarmed           |       |     2 ||     2
       Quarterstaff      |       |    34 ||    34
 Cast: Kiss of Death     |     4 |     3 ||     7
       Momentum Strike   |       |     6 ||     6
  Use: Scroll            |     3 |     2 ||     5
 Stab: Sleeping          |       |     4 ||     4
Armor: Leather armour    |    55 |    23 ||    78
Dodge: Dodged            |   129 |    64 ||   193

Table legend: (Time is in decaauts)
 A = Elapsed time spent in this place.
 B = Non-inter-level travel time spent in this place.
 C = Inter-level travel time spent in this place.
 D = Time resting spent in this place.
 E = Time spent auto-exploring this place.
 F = Levels seen in this place.
 G = Mean time per level.
                   A        B        C        D        E       F      G
               +--------+--------+--------+--------+--------+-----+--------+
         Total |   3260 |   3117 |    143 |      0 |   2318 |   4 |  815.0 |
       Dungeon |   3260 |   3117 |    143 |      0 |   2318 |   4 |  815.0 |
               +--------+--------+--------+--------+--------+-----+--------+

Top non-repeatable levels by time:
     D:1: 1203 daAuts
     D:3: 981 daAuts
     D:2: 973 daAuts
     D:4: 101 daAuts
